 Dungeon Crawl Stone Soup version 0.30-a0-989-g0d87f670db (webtiles) character file.

Game seed: 15735453659409353156

103133 Newt the Pandemonic (level 15, -5/115 HPs)
             Began as a Demonspawn Gladiator on Apr 2, 2023.
             Was a High Priest of Makhleb.
             Slain by a tentacled starspawn (11 damage)
             ... on level 3 of the Abyss.
             The game lasted 00:37:42 (21176 turns).

Newt the Pandemonic (Demonspawn Gladiator)         Turns: 21176, Time: 00:37:43

Health: -5/115     AC: 29    Str: 27    XL:     15   Next: 88%
Magic:  0/26       EV: 18    Int: 15    God:    Makhleb [*****.]
Gold:   1588       SH:  4    Dex: 15    Spells: 31/34 levels left

rFire   + + .      SeeInvis .    L - +9 staff of Olgreb {rPois∞}
rCold   x . .      Faith    .    (no shield)
rNeg    . . .      Spirit   +    s - +5 ring mail {rF+}
rPois   ∞          Reflect  .    B - +2 helmet
rElec   .          Rampage  .    R - +2 cloak {rF+}
rCorr   .                        K - +2 pair of gloves {Str+3}
Will    +....                    S - +1 pair of boots "Jebih" {Regen+}
Stlth   +                        e - amulet of guardian spirit
HPRegen 1.19/turn                r - +6 ring of strength
MPRegen 0.20/turn                P - +5 ring of evasion

@: about to teleport
A: hooves 2, icy blue scales 2, icemail 1, spiny 3, condensation shield, clever
1, low MP 1, cold vulnerability 1
a: Renounce Religion, Evoke the Staff of Olgreb, Minor Destruction, Lesser
Servant of Makhleb, Major Destruction, Greater Servant of Makhleb


You were on level 3 of the Abyss.
You worshipped Makhleb.
Makhleb was extremely pleased with you.
You visited 4 branches of the dungeon, and saw 19 of its levels.
You visited the Abyss 1 time.
You also visited: Ossuary, Ice Cave and Volcano.

You collected 1793 gold pieces.
You spent 205 gold pieces at shops.

Inventory:

Hand Weapons
 b - a +2 demon whip of draining
 t - a +1 lajatang
 L - the +9 staff of Olgreb (weapon) {rPois∞}
   (You acquired it on level 7 of the Dungeon)

   It enhances your poison magic.
   It grants immunity to poison.
   It can be activated via the 'a'bility menu to radiate toxic energy, with
   effectiveness depending on Evocations skill.
Missiles
 d - 2 throwing nets
Armour
 s - a +5 ring mail of fire resistance (worn)
 A - a +1 cloak of stealth
 B - a +2 helmet (worn)
 G - a +0 chain mail of willpower
 K - a +2 pair of gloves of strength (worn)
 R - a +2 cloak of fire resistance (worn)
 S - the +1 pair of boots "Jebih" (worn) {Regen+}
   (You found it in a volcano)

   Regen:     It increases your rate of health regeneration.
 T - a +0 hat of stealth
Jewellery
 c - a +6 ring of strength
 e - an amulet of guardian spirit (around neck)
 r - a +6 ring of strength (left hand)
 u - a ring of wizardry
 P - a +5 ring of evasion (right hand)
 Z - a ring of flight
Wands
 a - a wand of digging (2)
 m - a wand of charming (11)
 o - a wand of flame (40)
 w - a wand of roots (46)
 C - a wand of light (18)
 X - a wand of mindburst (12)
Scrolls
 i - 2 scrolls of magic mapping
 v - a scroll of blinking
 y - 8 scrolls of teleportation
 I - 14 scrolls of identify
 M - 3 scrolls of amnesia
 N - 3 scrolls of fear
 O - 4 scrolls of enchant armour
 W - a scroll of poison
Potions
 f - 7 potions of brilliance
 h - 3 potions of flight
 j - 4 potions of resistance
 l - 9 potions of curing
 n - 4 potions of cancellation
 x - a potion of haste
 z - 5 potions of might
 E - 4 potions of lignification
 F - 2 potions of ambrosia
 H - 3 potions of invisibility
 J - 3 potions of mutation
 Q - a potion of berserk rage
 U - a potion of magic
Miscellaneous
 g - a lightning rod (4/4)
 k - a phial of floods
 q - a condenser vane (inert)
 D - a tin of tremorstones (1/2)


   Skills:
 - Level 10.0 Fighting
 - Level 3.0 Short Blades
 + Level 10.6 Staves
 - Level 1.7 Throwing
 - Level 4.0 Armour
 - Level 4.0 Dodging
 - Level 10.2 Spellcasting
 - Level 6.8 Transmutations
 - Level 6.7 Fire Magic
 - Level 11.1 Poison Magic
 - Level 16.0 Invocations
 - Level 10.0 Evocations


You had 31 spell levels left.
You knew the following spells:

 Your Spells              Type           Power      Damage    Failure   Level
a - Ignite Poison         Fire/Tmut/Pois 48%        N/A       1%          3

Your spell library contained the following spells:

 Spells                   Type           Power      Damage    Failure   Level
 Sting                    Tmut/Pois      100%       1d8       1%          1
 Scorch                   Fire           56%        2d8       1%          2
 Olgreb's Toxic Radiance  Pois           57%        N/A       1%          4
 Poisonous Vapours        Pois/Air       72%        N/A       2%          2
 Alistair's Intoxication  Tmut/Pois      34%        N/A       10%         5
 Apportation              Tloc           14%        N/A       14%         1
 Freeze                   Ice            28%        1d5       14%         1
 Necrotise                Necr           28%        1d5       14%         1
 Slow                     Hex            28%        N/A       14%         1
 Kindle Blastsparks       Fire/Tloc/Air  28%        2d12      17%         3
 Blade Hands              Tmut           14%        N/A       24%         5
 Flame Wave               Conj/Fire      17%        2d7       34%         4
 Confusing Touch          Hex            7%         N/A       38%         3
 Dazzling Flash           Conj/Hex       14%        N/A       38%         3
 Frozen Ramparts          Ice            14%        1d3       38%         3
 Hailstorm                Conj/Ice       7%         3d4       38%         3
 Portal Projectile        Hex/Tloc       14%        N/A       38%         3
 Tukima's Dance           Hex            7%         N/A       38%         3
 Vampiric Draining        Necr           7%         2d6       38%         3
 Fireball                 Conj/Fire      8%         3d6       67%         5
 Animate Dead             Necr           7%         N/A       80%         4
 Passage of Golubria      Tloc           7%         N/A       80%         4
 Agony                    Necr           7%         N/A       98%         5
 Freezing Cloud           Conj/Ice/Air   3%         6-21      98%         5
 Iskenderun's Battlesphe  Conj           7%         2d6       98%         5
 Silence                  Hex/Air        3%         N/A       98%         5
 Conjure Ball Lightning   Conj/Air       3%         3x3d6     100%        6
 Summon Cactus Giant      Summ           3%         N/A       100%        6
 Haunt                    Necr/Summ      3%         N/A       100%        7
 Orb of Destruction       Conj           3%         9d5       100%        7
 Infestation              Necr           3%         N/A       100%        8
 Lehudib's Crystal Spear  Conj/Erth      3%         10d3      100%        8


Dungeon Overview and Level Annotations

Branches:
Dungeon (11/15)            Temple (1/1) D:6            Lair (5/5) D:10
 Shoals (0/4) Lair:3       Spider (2/4) Lair:3        Slime (0/5) Lair:5
    Orc (0/2) D:9         Ossuary (visited)           IceCv (visited)
Volcano (visited)

Altars:
Ashenzari
Cheibriados
Dithmenos
Fedhas
Gozag
Hepliaklqana
Kikubaaqudgha
Makhleb
Nemelex Xobeh
Okawaru
Qazlal
Ru
Sif Muna
Trog
Uskayaw
Vehumet
Wu Jian
Xom
Yredelemnul
Jiyva

Shops:
D:4 *   D:6 [

Portals:
Trove: D:11 (give +3 shadow dragon scales)

Annotations:
D:8 2 transporters
Spider:2 Louise


Innate Abilities, Weirdness & Mutations

You have hoof-like feet.
You are mostly covered in icy blue scales. (AC +3)
A meltable icy envelope protects you from harm. (AC +4)
You are completely covered in sharp spines.
A meltable shield of frost defends you. (SH +4)
Your mind is acute. (Int +4, Str/Dex -1)
Your magical capacity is low. (-10% MP)
You are vulnerable to cold. (rC-)


Message History

A starspawn tentacle comes into view.
As you read the scroll of teleportation, it crumbles to dust.
You feel strangely unstable.
You feel the power of the Abyss delaying your translocation!
Tentacles burst from the starspawn's body!
The eidolon gives a chilling moan. 2 starspawn tentacles come into view.
Unknown command.
The starspawn tentacle grabs your green death.
The starspawn tentacle constricts your green death.
Unknown command.
You sock the starspawn tentacle!
The starspawn tentacle is heavily damaged.
Your green death gestures at the tentacled starspawn.
The poison arrow hits the tentacled starspawn.
The tentacled starspawn partially resists.
Unknown command.
You hit the starspawn tentacle.
You envenom the starspawn tentacle.
The starspawn tentacle is heavily damaged.
The tentacled starspawn is struck by your spines.
The tentacled starspawn completely misses you.
The tentacled starspawn tentacle-slaps you.
* * * LOW HITPOINT WARNING * * *
The starspawn tentacle constricts your green death.
Your green death hits the tentacled starspawn.
You hit the starspawn tentacle.
You envenom the starspawn tentacle.
The starspawn tentacle is almost destroyed.
You block the tentacled starspawn's attack.
The tentacled starspawn tentacle-slaps you!
* * * LOW HITPOINT WARNING * * *
The starspawn tentacle constricts your green death.
The eidolon stares piercingly at you. The bolt of negative energy misses you.
You hit the starspawn tentacle.
You destroy the starspawn tentacle!
Your green death hits the tentacled starspawn!
The tentacled starspawn bites you!
* * * LOW HITPOINT WARNING * * *
The tentacled starspawn tentacle-slaps you!
You die...

. .##.##
...#######.#.#.#
....─Λ#.#.#.....# . .
.. ./Λ\Λ..#....# ..#
....│#V││.'....#####
..# .......ww.'......
#.....
.....#.w2.†...... .....
.......X.W#D...... ..
..
.....#@#.#...#......#..
.... #####...#..# .§.#
.. . ...D ...... §..
........ ......§.. ...
....#...##..# .
###...... .#...# ...#..
..... .....
#............ .....
...... #..##..##s


You could see a bone dragon, a tentacled starspawn (ally target), an eidolon, 3
starspawn tentacles and a friendly green death (summoned).

Vanquished Creatures
  Gastronok (D:8)
  Kirke (Lair:3)
  A frost giant (IceCv)
  A ghost moth (Spider:1)
  A balrug (Abyss:2)
  The ghost of Elebb the Impaler, a journeyman NaSu of Yredelemnul (Lair:5)
  A broodmother (Spider:1)
  A caustic shrike skeleton (Abyss:2)
  A green draconian (Abyss:2)
  The ghost of Coekuehi the Fighter, a journeyman MiBe of Trog (Lair:1)
  The ghost of Neipoloj the Cleaver, a journeyman MiFi of Okawaru (Lair:1)
  Josephine (D:11)
  The ghost of Bediveer the Transmogrifier, a journeyman OpTm of Gozag (Lair:5)
  2 fire dragons
  2 entropy weavers
  A hydra (Lair:5)
  The ghost of DeathPants the Cruncher, a journeyman VSGl of Gozag (Lair:1)
  3 boulder beetles
  2 two-headed ogres
  A hell hog (Volcano)
  The ghost of cforsyth the Ogre Mage, a novice OgSu of Gozag (D:10)
  16 death yaks
  A thrashing horror (Abyss:3)
  Sonja (Lair:5)
  2 skysharks
  The ghost of jasper the Skirmisher, a novice DsHs of Ashenzari (D:8)
  A pharaoh ant (Spider:2)
  Lodul (D:11)
  3 orb spiders (Spider:1)
  A swamp dragon (Lair:5)
  A lindwurm (Lair:5)
  Pikel (D:4)
  A steelbarb worm (Spider:1)
  An ugly thing (IceCv)
  2 spectral centaurs (D:10)
  8 wolf spiders
  5 elephants (Lair:5)
  A guardian serpent (Abyss:2)
  11 demonic crawlers
  4 black mambas
  A water nymph (Lair:3)
  A smoke demon (Abyss:2)
  A naga mage (Abyss:2)
  An ice statue (IceCv)
  Maggie (D:8)
  A rust devil (Abyss:2)
  16 cane toads
  3 torpor snails
  12 rime drakes
  8 komodo dragons
  A freezing wraith (Abyss:2)
  A troll (D:10)
  10 polar bears
  Prince Ribbit (D:8)
  A hellwing (Abyss:2)
  9 dream sheep
  14 blink frogs
  4 raiju (Abyss:2)
  8 tarantellas (Spider:1)
  A centaur simulacrum (D:10)
  2 slime creatures (Lair:5)
  10 jumping spiders
  Sigmund (D:4)
  2 ynoxinuls (Abyss:2)
  6 culicivoras
  A wyvern (Lair:4)
  A shadow (D:9)
  3 starcursed masses (Abyss:2)
  5 wraiths
  49 yaks
  Eustachio (D:5)
  3 fire bats (Volcano)
  5 large abominations (Abyss:2)
  6 steam dragons
  7 basilisks
  A chaos spawn (Abyss:2)
  7 vampire mosquitoes
  4 hogs (Lair:3)
  28 redbacks
  3 nagas (Abyss:2)
  11 water moccasins
  A hell hound (Volcano)
  3 acid dragons
  6 orc warriors
  4 ice beasts
  2 sky beasts (D:6)
  3 swamp drakes (Lair:5)
  5 black bears
  11 ogres
  An ogre (shapeshifter) (Abyss:2)
  The ghost of IdlyInterested the Slasher, an amateur DsGl (D:6)
  4 centaurs
  21 wolves
  2 phantoms (D:6)
  2 small abominations (Abyss:2)
  5 kobold brigands
  17 bullfrogs
  3 scorpions
  3 water moccasin zombies (Ossuary)
  6 killer bees (D:11)
  5 jellies
  3 electric eels (D:11)
  2 howler monkeys (D:6)
  3 hounds
  5 orc priests
  Crazy Yiuf (D:4)
  A sleepcap (D:5)
  A gnoll bouda (D:7)
  8 iguanas
  An iron imp (Abyss:2)
  10 orc wizards
  2 mummies (Ossuary)
  Robin (D:3)
  12 gnolls
  9 adders
  A shadow imp (D:6)
  2 white imps
  An ufetubus (D:6)
  3 adder zombies (Ossuary)
  6 worms
  A dart slug (D:5)
  19 orcs
  7 endoplasms
  2 giant cockroaches
  2 gnoll zombies (Ossuary)
  22 goblins
  13 hobgoblins
  12 jackals
  46 kobolds
  5 quokkas
  7 ball pythons
  4 bats
  2 frilled lizards
  4 hobgoblin zombies (Ossuary)
  9 kobold zombies (Ossuary)
  2 orc zombies (Ossuary)
  7 rats
  A lurking horror (Abyss:2)
  A starspawn tentacle (Abyss:3)
682 creatures vanquished.

Vanquished Creatures (collateral kills)
  A bone dragon (Abyss:2)
  A tentacled starspawn (Abyss:2)
  2 thrashing horrors (Abyss:3)
  A demonic crawler (Spider:1)
  2 raiju (Abyss:2)
  3 large abominations (Abyss:2)
  A neqoxec (Abyss:2)
  A small abomination (Abyss:2)
  A starspawn tentacle (Abyss:2)
13 creatures vanquished.

Vanquished Creatures (others)
  Maurice (D:11)
  A small abomination (Abyss:2)
  An electric eel (D:11)
  An ufetubus (Abyss:2)
  7 fungi
  25 plants
  12 starspawn tentacles (Abyss:2)
48 creatures vanquished.

Grand Total: 743 creatures vanquished

Notes
Turn   | Place    | Note
-------+----------+-------------------------------------------
     0 | D:1      | Newt the Demonspawn Gladiator began the quest for the Orb.
     0 | D:1      | Reached XP level 1. HP: 16/16 MP: 1/1
   102 | D:1      | Gained mutation: You are partially covered in sharp spines.
                  | [demonic ancestry]
   102 | D:1      | Reached XP level 2. HP: 19/23 MP: 2/2
   530 | D:1      | Gained mutation: You are partially covered in icy blue
                  | scales. (AC +2) [demonic ancestry]
   530 | D:1      | Reached XP level 3. HP: 27/29 MP: 3/3
  1267 | D:2      | Gained mutation: You have large cloven feet. [demonic
                  | ancestry]
  1267 | D:2      | Reached XP level 4. HP: 36/37 MP: 4/4
  2447 | D:3      | Noticed Robin
  2497 | D:3      | Killed Robin
  2498 | D:3      | Gained mutation: You are mostly covered in icy blue scales.
                  | (AC +3) [demonic ancestry]
  2498 | D:3      | Reached XP level 5. HP: 42/42 MP: 5/5
  3025 | D:3      | Noticed a moth of wrath
  3028 | D:3      | Found a bloodstained altar of Trog.
  3159 | D:4      | Noticed Sigmund
  3164 | D:4      | Killed Sigmund
  3165 | D:4      | Reached XP level 6. HP: 47/49 MP: 6/6
  3222 | D:4      | Found Begeaces's Assorted Antiques.
  3228 | D:4      | Bought a scroll labelled YLLATA PIECA for 26 gold pieces
  3228 | D:4      | Bought a scroll labelled HIURUY LAULI for 26 gold pieces
  3228 | D:4      | Bought a scroll labelled ZEIVAA ETONI for 26 gold pieces
  3282 | D:4      | Noticed an ice beast
  3290 | D:4      | Killed an ice beast
  3326 | D:4      | Reached XP level 7. HP: 55/55 MP: 7/7
  3399 | D:4      | Reached skill level 5 in Staves
  3475 | D:4      | Noticed Pikel
  3495 | D:4      | Killed Pikel
  3496 | D:4      | Gained mutation: A meltable shield of frost defends you.
                  | (SH +4) [demonic ancestry]
  3496 | D:4      | Reached XP level 8. HP: 31/61 MP: 8/8
  3874 | D:4      | Found a runed translucent door.
  3875 | D:4      | Noticed Crazy Yiuf
  4009 | D:4      | Killed Crazy Yiuf
  4040 | D:5      | Entered Level 5 of the Dungeon
  4123 | D:5      | Reached skill level 5 in Evocations
  4232 | D:5      | Found a broken altar of Ashenzari.
  4232 | D:5      | Found a sparkling altar of Nemelex Xobeh.
  4574 | D:5      | Noticed Eustachio
  4608 | D:5      | Killed Eustachio
  4973 | D:5      | Found a sacrificial altar of Ru.
  4986 | D:5      | Found a snail-covered altar of Cheibriados.
  5016 | D:6      | Found a staircase to the Ecumenical Temple.
  5024 | D:6      | Gained mutation: You are mostly covered in sharp spines.
                  | [demonic ancestry]
  5024 | D:6      | Reached XP level 9. HP: 66/66 MP: 9/9
  5052 | D:6      | Found Gygic's Antique Armour Boutique.
  5093 | D:6      | Noticed IdlyInterested's ghost (amateur DsGl)
  5096 | D:6      | Found a runed translucent door.
  5109 | D:6      | Found a sand-covered staircase.
  5114 | Ossuary  | Entered an ossuary
  5466 | D:6      | Found the +5 Force Lance {heavy, knockback}
  5694 | D:6      | Found a stormy altar of Qazlal.
  5728 | D:6      | Bought a pair of glowing gloves for 127 gold pieces
  5971 | D:6      | Reached skill level 10 in Staves
  5976 | D:6      | Reached skill level 5 in Fighting
  6202 | D:6      | Reached skill level 1 in Armour
  6205 | D:6      | Reached XP level 10. HP: 75/76 MP: 10/10
  6396 | D:6      | Killed IdlyInterested's ghost
  6438 | D:7      | Identified a scroll of acquirement
  6438 | D:7      | Acquired the +9 staff of Olgreb {rPois∞}
  6438 | D:7      | Found the +9 staff of Olgreb {rPois∞}
  7132 | D:8      | Identified the +1 leather armour "Hero's Friend" {rF+ rC+
                  | Will- Int+3}
  7143 | D:8      | Noticed a skeletal warrior
  7145 | D:8      | Noticed a two-headed ogre
  7156 | D:8      | Killed a two-headed ogre
  7427 | D:8      | Noticed Prince Ribbit
  7468 | D:8      | Killed Prince Ribbit
  7510 | D:8      | Noticed a death knight
  7552 | D:8      | Found a transporter.
  7558 | D:8      | Found a transporter.
  7572 | D:8      | Noticed Gastronok
  7587 | D:8      | Killed Gastronok
  7588 | D:8      | Reached skill level 10 in Evocations
  7588 | D:8      | Reached skill level 1 in Spellcasting
  7588 | D:8      | Reached skill level 1 in Poison Magic
  7661 | D:8      | Noticed Maggie
  7667 | D:8      | Reached XP level 11. HP: 74/81 MP: 7/12
  7673 | D:8      | Killed Maggie
  7743 | D:8      | Found a runed translucent gate.
  7743 | D:8      | Found a runed translucent gate.
  7743 | D:8      | Found a runed translucent gate.
  7744 | D:8      | Noticed jasper's ghost (novice DsHs)
  7889 | D:8      | You fall into a shaft and drop 3 floors!
  7906 | D:11     | Noticed a boulder beetle
  7917 | D:11     | Killed a boulder beetle
  7959 | D:11     | Noticed a two-headed ogre
  7965 | D:11     | Killed a two-headed ogre
  8221 | D:11     | Noticed Lodul
  8401 | D:10     | Entered Level 10 of the Dungeon
  8702 | D:10     | Found a staircase to the Lair.
  8751 | D:10     | Reached skill level 5 in Poison Magic
  8813 | D:10     | Found a runed translucent gate.
  8814 | D:10     | Found a runed translucent gate.
  8815 | D:10     | Found a runed translucent gate.
  8817 | D:10     | Noticed cforsyth's ghost (novice OgSu)
  8829 | D:10     | Found a hazy altar of Hepliaklqana.
  8830 | D:10     | Found a shadowy altar of Dithmenos.
  9014 | D:10     | Reached skill level 5 in Spellcasting
  9126 | D:10     | Killed cforsyth's ghost
  9302 | Temple   | Entered the Ecumenical Temple
  9302 | Temple   | Found a transporter.
  9302 | Temple   | Found a transporter.
  9304 | Temple   | Found a transporter.
  9304 | Temple   | Found a transporter.
  9401 | D:8      | Found an ancient bone altar of Kikubaaqudgha.
  9402 | D:8      | Noticed a death knight
  9403 | D:8      | Found a basalt altar of Yredelemnul.
  9466 | D:8      | Identified the +6 short sword "Utumypipn" {flame, rPois
                  | Int+7 Dex-2 Stlth+}
  9567 | D:8      | Killed jasper's ghost
  9906 | D:9      | Found a burning altar of Makhleb.
 10086 | D:9      | Found a staircase to the Orcish Mines.
 10097 | D:9      | Gained mutation: You have hoof-like feet. [demonic
                  | ancestry]
 10097 | D:9      | Reached XP level 12. HP: 88/88 MP: 16/21
 10514 | D:9      | Became a worshipper of Makhleb the Destroyer
 10617 | D:11     | Killed Lodul
 10908 | D:11     | Noticed Josephine
 10915 | D:11     | Killed Josephine
 10936 | D:11     | Noticed a boulder beetle
 10945 | D:11     | Killed a boulder beetle
 10975 | D:11     | Noticed Maurice
 10986 | D:11     | Killed Maurice
 11177 | D:11     | Found a portal to a secret trove of treasure.
 11489 | Lair:1   | Entered Level 1 of the Lair of Beasts
 11623 | Lair:1   | Gained mutation: You are robust. (+10% HP) [potion of
                  | mutation]
 11623 | Lair:1   | Lost mutation: You are robust. (+10% HP) [potion of
                  | mutation]
 11623 | Lair:1   | Gained mutation: Your mind is acute. (Int +4, Str/Dex -1)
                  | [potion of mutation]
 11707 | Lair:1   | Reached * piety under Makhleb
 11747 | Lair:1   | Found a runed translucent gate.
 11747 | Lair:1   | Found a runed translucent gate.
 11748 | Lair:1   | Found a runed translucent gate.
 11750 | Lair:1   | Noticed DeathPants's ghost (journeyman VSGl)
 11750 | Lair:1   | Noticed Neipoloj's ghost (journeyman MiFi)
 11750 | Lair:1   | Noticed Coekuehi's ghost (journeyman MiBe)
 11796 | Lair:1   | Killed Coekuehi's ghost
 11845 | Lair:1   | Killed DeathPants's ghost
 11860 | Lair:1   | Killed Neipoloj's ghost
 12317 | Lair:1   | Found a shimmering altar of Xom.
 12981 | Lair:2   | Found a frozen archway.
 12990 | IceCv    | Entered an ice cave
 13006 | IceCv    | Reached skill level 10 in Poison Magic
 13017 | IceCv    | Noticed a death yak
 13020 | IceCv    | Noticed a death yak
 13038 | IceCv    | Killed a death yak
 13040 | IceCv    | Killed a death yak
 13042 | IceCv    | Reached ** piety under Makhleb
 13265 | IceCv    | Noticed a death yak
 13274 | IceCv    | Killed a death yak
 13275 | IceCv    | Gained mutation: A meltable icy envelope protects you from
                  | harm. (AC +4) [demonic ancestry]
 13275 | IceCv    | Reached XP level 13. HP: 92/93 MP: 18/26
 13732 | IceCv    | Reached skill level 10 in Spellcasting
 13885 | IceCv    | Learned a level 3 spell: Ignite Poison
 13902 | IceCv    | Noticed a frost giant
 13912 | IceCv    | Killed a frost giant
 14542 | Lair:2   | You fall into a shaft and drop 1 floor!
 14550 | Lair:3   | Found a staircase to the Shoals.
 14554 | Lair:3   | Reached *** piety under Makhleb
 14741 | Lair:3   | Found a dark tunnel.
 14749 | Volcano  | Entered a volcano
 14789 | Volcano  | Noticed a fire dragon
 14803 | Volcano  | Killed a fire dragon
 14981 | Volcano  | Identified the +1 pair of boots "Jebih" {Regen+}
 15334 | Lair:3   | Reached skill level 10 in Fighting
 15478 | Lair:3   | Noticed Kirke
 15483 | Lair:3   | Reached skill level 1 in Transmutations
 15483 | Lair:3   | Reached skill level 1 in Fire Magic
 15487 | Lair:3   | Killed Kirke
 15758 | Lair:3   | Found a hole to the Spider Nest.
 16078 | Lair:4   | Reached **** piety under Makhleb
 16079 | Lair:4   | Reached XP level 14. HP: 110/110 MP: 2/28
 16231 | Lair:4   | Identified the +1 ring mail of Qixkol {Str+4 SInv}
 16777 | Lair:5   | Entered Level 5 of the Lair of Beasts
 16777 | Lair:5   | Noticed Sonja
 16787 | Lair:5   | Killed Sonja
 17036 | Lair:5   | Reached skill level 5 in Transmutations
 17036 | Lair:5   | Reached skill level 5 in Fire Magic
 17167 | Lair:5   | Found a viscous altar of Jiyva.
 17193 | Lair:5   | Found a staircase to the Slime Pits.
 17377 | Lair:5   | Found a runed translucent gate.
 17379 | Lair:5   | Found a runed translucent gate.
 17379 | Lair:5   | Found a runed translucent gate.
 17381 | Lair:5   | Noticed Bediveer's ghost (journeyman OpTm)
 17381 | Lair:5   | Noticed Elebb's ghost (journeyman NaSu)
 17428 | Lair:5   | Reached ***** piety under Makhleb
 17462 | Lair:5   | Reached skill level 1 in Invocations
 17463 | Lair:5   | Reached skill level 2 in Invocations
 17482 | Lair:5   | Reached skill level 3 in Invocations
 17518 | Lair:5   | Reached skill level 4 in Invocations
 17531 | Lair:5   | Reached skill level 5 in Invocations
 17722 | Lair:5   | Reached skill level 6 in Invocations
 17873 | Lair:5   | Reached skill level 7 in Invocations
 17940 | Lair:5   | Reached skill level 8 in Invocations
 18332 | Lair:5   | Killed Bediveer's ghost
 18346 | Lair:5   | Killed Elebb's ghost
 18347 | Lair:5   | Reached skill level 9 in Invocations
 18639 | Spider:1 | Entered Level 1 of the Spider Nest
 18685 | Spider:1 | Gained mutation: You are completely covered in sharp
                  | spines. [demonic ancestry]
 18685 | Spider:1 | Reached XP level 15. HP: 115/115 MP: 17/29
 18937 | Spider:1 | Reached skill level 10 in Invocations
 19064 | Spider:1 | Reached skill level 11 in Invocations
 19214 | Spider:1 | Reached skill level 12 in Invocations
 19217 | Spider:1 | Reached ****** piety under Makhleb
 19582 | Spider:1 | Reached skill level 13 in Invocations
 20141 | Spider:1 | Identified the +2 executioner's axe of Dried Tears {pain,
                  | Str+2}
 20192 | Spider:2 | Reached skill level 14 in Invocations
 20352 | Spider:2 | Noticed Louise
 20355 | Abyss:2  | Cast into level 2 of the Abyss (Louise)
 20545 | Abyss:2  | Reached skill level 15 in Invocations
 20547 | Abyss:2  | Found a corrupted altar of Lugonu.
 20553 | Abyss:2  | Found a corrupted altar of Lugonu.
 20704 | Abyss:2  | Noticed a lich
 20769 | Abyss:2  | Noticed a tentacled starspawn
 20804 | Abyss:2  | Noticed a tentacled starspawn
 20826 | Abyss:2  | Gained mutation: You are very vulnerable to cold. (rC--) [a
                  | neqoxec]
 20838 | Abyss:2  | Gained mutation: Your magical capacity is extremely low.
                  | (-30% MP) [a neqoxec]
 20989 | Abyss:2  | Noticed a bone dragon
 21073 | Abyss:2  | Reached skill level 16 in Invocations
 21092 | Abyss:2  | Noticed a tentacled starspawn
 21095 | Abyss:2  | Killed a bone dragon
 21099 | Abyss:2  | Noticed a pearl dragon
 21105 | Abyss:2  | Found a corrupted altar of Lugonu.
 21106 | Abyss:2  | Killed a tentacled starspawn
 21114 | Abyss:2  | HP: 2/115 [something] (21)]
 21161 | Abyss:3  | Noticed a bone dragon
 21166 | Abyss:3  | Noticed a tentacled starspawn
 21167 | Abyss:3  | Noticed a tentacled starspawn
 21176 | Abyss:3  | Slain by a tentacled starspawn

Illustrated notes

Levels and vault maps discovered:
D:1:      roderic_octagonal_star, layout_loops_ring, nrook_campfire,
          corexii_item_surrounded_by_moat, nicolae_wormholes
D:2:      layout_basic, kennysheep_cluttered_room, minmay_goblin_outpost
D:3:      kennysheep_goblin_castle, layout_basic, tgw_trog
D:4:      layout_basic, serial_shops, nicolae_shop_crystal, uniq_robin,
          uniq_sigmund, uniq_pikel, uniq_crazy_yiuf_cottage
D:5:      kennysheep_kobold_camp, layout_loops_ring, cheibrodos_worm_habitat,
          nicolae_ru_the_path_less_chosen, jmf_multi_god_temple,
          grunt_ministairs_7, dreamdust_princess_corridor, uniq_eustachio
D:6:      wad_guarded_room, layout_loops_corners, grunt_qazlal_clouds,
          minmay_temple_entry_grid, hellmonk_ghost_happy_afterlife,
          serial_shops, nicolae_shop_advertising_works
          [nicolae_subvault_shop_adworks], enter_ossuary_2
D:7:      layout_basic, zin_scriptorium, kennysheep_generic_room_4
D:8:      layout_basic, gammafunk_temple_of_torment, ebering_ghost_rock_garden,
          st_stairs_11, uniq_prince_ribbit1, uniq_maggie, uniq_gastronok
D:9:      layout_small_grid, lightli_temple_of_fire,
          mainiacjoe_overflow_alcove_4, minmay_orc_entry_temple_small,
          nicolae_wwwww, st_stairs_14
D:10:     layout_big_octagon, riverfiend_overflow_shadow_ancestor,
          gammafunk_ghost_necromancy
D:11:     layout_basic, enter_trove_3, uniq_lodul, uniq_maurice, uniq_josephine
Temple:   hellmonk_temple_divided_pantheon
Lair:1:   layout_small_grid, gammafunk_ghost_cemetery, basic_altar,
          grunt_megastairs_5
Lair:2:   layout_loops_ring, portal_ice_cave_entry_pillars_2,
          serial_bayou_shore_b, grunt_megastairs_1, serial_bayou_shore_b
Lair:3:   layout_cave_pods, nicolae_shoals_entry_flooding,
          spider_nest_entry_funnel_web, enter_volcano_1, uniq_kirke
Lair:4:   layout_misc_corridors, grunt_megastairs_2, serial_bayou_shore_b,
          lemuel_fruit_tree
Lair:5:   guppyfry_lair_end_dragon, layout_gridlike, hangedman_lair_in_review,
          minmay_slime_entry_pillars, gammafunk_ghost_cemetery, uniq_sonja
Spider:1: layout_spider_delve, worms_lemuel, hangedman_spider_tarantella_strand
Spider:2: layout_spider_delve, nicolae_spider_swamp_cousins, uniq_louise,
          uniq_agnes
Abyss:3:  base:
D:10

Skill      XL: |  1  2  3  4  5  6  7  8  9 10 11 12 13 14 15 |
---------------+----------------------------------------------+-----
Fighting       | 3 4 6 10 | 10.0
Short Blades   | 3 |  3.0
Dodging        | 4 |  4.0
Staves         | 3 4 6 7 10 | 10.6
Evocations     | 3 6 10 | 10.0
Armour         | 2 4 |  4.0
Spellcasting   | 1 6 9 10 | 10.2
Poison Magic   | 1 7 10 11 | 11.1
Transmutations | 3 6 |  6.8
Fire Magic     | 3 6 |  6.7
Invocations    | 9 16 | 16.0
Throwing       | |  1.7

Action                     |  1- 3 |  4- 6 |  7- 9 | 10-12 | 13-15 || total
---------------------------+-------+-------+-------+-------+-------++-------
  Melee: Rapier            |    84 |    88 |       |       |       ||   172
         Kick              |       |    47 |    73 |   122 |    45 ||   287
         Lajatang          |       |    33 |   229 |    15 |       ||   277
         Staff             |       |       |       |   430 |   829 ||  1259
         Punch             |       |       |       |     4 |    14 ||    18
  Throw: Javelin           |       |     1 |       |       |       ||     1
         Throwing net      |       |       |       |     1 |       ||     1
   Cast: Ignite Poison     |       |       |       |       |    52 ||    52
 Invoke: Lesser Servant of |       |       |       |       |     1 ||     1
         Greater Servant o |       |       |       |       |     6 ||     6
Ability: Evoke the Staff o |       |       |       |    18 |    55 ||    73
  Evoke: Wand              |       |       |       |       |     3 ||     3
         Lightning rod     |       |       |       |       |     1 ||     1
         Tin of tremorston |       |       |       |       |     1 ||     1
         Condenser vane    |       |       |       |       |     1 ||     1
    Use: Scroll            |     3 |    12 |     6 |     5 |    11 ||    37
         Potion            |       |     2 |     2 |    12 |     7 ||    23
   Stab: Sleeping          |     3 |       |     6 |    10 |     3 ||    22
         Distracted        |       |       |       |     1 |     2 ||     3
         Invisible         |       |       |       |     4 |     3 ||     7
 Armour: Leather armour    |    24 |    10 |       |       |       ||    34
         Ring mail         |       |    43 |    94 |    97 |   411 ||   645
         Skin              |       |       |       |    67 |       ||    67
  Dodge: Dodged            |    59 |    77 |   124 |   240 |   691 ||  1191
  Block: Other             |       |       |    22 |    57 |   128 ||   207

Table legend: (Time is in decaauts)
 A = Elapsed time spent in this place.
 B = Non-inter-level travel time spent in this place.
 C = Inter-level travel time spent in this place.
 D = Time resting spent in this place.
 E = Time spent auto-exploring this place.
 F = Levels seen in this place.
 G = Mean time per level.
                   A        B        C        D        E       F      G
               +--------+--------+--------+--------+--------+-----+--------+
         Total |  20863 |  20027 |    836 |   3143 |  12867 |  24 |  869.3 |
       Dungeon |  11210 |  10639 |    571 |   1133 |   7752 |  11 | 1019.1 |
        Temple |     39 |     31 |      8 |      0 |      3 |   1 |   39.0 |
          Lair |   5617 |   5386 |    231 |    542 |   3831 |   5 | 1123.4 |
   Spider Nest |   1693 |   1669 |     24 |    555 |    773 |   2 |  846.5 |
         Abyss |    732 |    732 |      0 |    213 |      0 |   2 |  366.0 |
       Ossuary |    182 |    182 |      0 |      0 |    109 |   1 |  182.0 |
      Ice Cave |   1143 |   1143 |      0 |    700 |    240 |   1 | 1143.0 |
       Volcano |    245 |    245 |      0 |      0 |    159 |   1 |  245.0 |
               +--------+--------+--------+--------+--------+-----+--------+

Top non-repeatable levels by time:
  Lair:5: 1720 daAuts
Spider:1: 1532 daAuts
    D:11: 1484 daAuts
  Lair:1: 1349 daAuts
     D:6: 1268 daAuts
     D:3: 1205 daAuts
     D:2: 1199 daAuts
  Lair:3: 1178 daAuts
   IceCv: 1143 daAuts
     D:8: 1007 daAuts
     D:9: 976 daAuts
     D:5: 975 daAuts
     D:4: 892 daAuts
  Lair:4: 875 daAuts
     D:1: 768 daAuts
